 Dungeon Crawl Stone Soup version 0.27.1-34-g3ba077fa99 (webtiles) character file.

Game seed: 9565519375687734153

76 Arum the Shield-Bearer (level 4, -2/37 HPs)
             Began as a Formicid Fighter on Jan 4, 2022.
             Succumbed to Terence's poison
             ... on level 2 of the Dungeon.
             The game lasted 00:01:33 (1594 turns).

Arum the Shield-Bearer (Formicid Fighter)           Turns: 1594, Time: 00:01:33

Health: -2/37      AC:  6    Str: 20    XL:     4   Next: 57%
Magic:  2/4        EV:  8    Int: 14    God:
Gold:   46         SH:  9    Dex: 11    Spells: 3/3 levels left

rFire    . . .     SeeInvis +   a - +0 quarterstaff
rCold    . . .     Faith    .   c - +0 kite shield
rNeg     . . .     Spirit   +   b - +0 scale mail
rPois    .         Reflect  .   (helmet unavailable)
rElec    .         Harm     .   (no cloak)
rCorr    .         Rampage  .   (no gloves)
Will     .....                  (no boots)
Stlth    ..........             d - amulet of guardian spirit
HPRegen  0.12/turn              j - +6 ring of intelligence
MPRegen  0.09/turn              (no ring)

@: brilliant, lethally poisoned (-2 -> -14)
A: permanent stasis, dig shafts and tunnels, antennae 3, four strong arms
a: Dig, Shaft Self


You were on level 2 of the Dungeon.
You visited 1 branch of the dungeon, and saw 2 of its levels.

You collected 46 gold pieces.

Inventory:

Hand Weapons
 a - a +0 quarterstaff (weapon)
Missiles
 g - 8 javelins
Armour
 b - a +0 scale mail (worn)
 c - a +0 kite shield (worn)
Jewellery
 d - an amulet of guardian spirit (around neck)
 j - a +6 ring of intelligence (left hand)
Scrolls
 e - a scroll of identify {unknown}
 h - a scroll of enchant weapon {unknown}
 k - a scroll of blinking {unknown}
Potions
 i - a potion of cancellation


   Skills:
 + Level 4.1 Fighting
 + Level 3.0 Staves
 - Level 3.2 Armour
 + Level 4.5 Shields


You had 3 spell levels left.
You didn't know any spells.
Your spell library was empty.

Dungeon Overview and Level Annotations

Branches:
Dungeon (2/15)

Altars:

Shops:
D:2 [

Annotations:
D:2 Terence


Innate Abilities, Weirdness & Mutations

You cannot be hasted, slowed, berserked, paralysed or teleported.
You can dig through walls and to a lower floor.
You have a pair of large antennae on your head. (SInv)
Your four strong arms can wield two-handed weapons with a shield.


Message History

No target in view!
No target in view!
No target in view!
No target in view!
No target in view!
No target in view!
No target in view!
A frilled lizard comes into view.
The frilled lizard hisses angrily.
Terence the Incautious comes into view.
He is wielding a +4 trident of venom and wearing a +3 chain mail of poison resistance.
Terence shouts!
You hit the frilled lizard.
You kill the frilled lizard!
Terence completely misses you.
You hit Terence but do no damage.
Terence hits you with a +4 trident of venom.
You are poisoned.
You hit Terence.
Terence is lightly wounded.
You feel very sick.
Terence hits you with a +4 trident of venom.
You are more poisoned.
Terence hits you with a +4 trident of venom.
You are lethally poisoned!
It was a potion of cancellation.
You feel magically purged.
You feel very sick. You block Terence's attack.
It was a potion of brilliance.
You feel clever all of a sudden.
* * * LOW HITPOINT WARNING * * *
You feel very sick. You block Terence's attack.
You hit Terence but do no damage.
Terence is lightly wounded.
* * * LOW HITPOINT WARNING * * *
You feel very sick. Terence barely misses you.
You hit Terence but do no damage.
Terence is lightly wounded.
You die...

#......# ##......
....... #####.#...
#........#
#..(.....
#).....@# ...#
#......@# #..#
#.......# ###..#
#.......# .##....#
#.......# ...
.......# ####.####
#.# .. ...# #.#
#.#
#.##.######.###
#.#
#.............#
#.#
####.#####.##.####
#.#


You could see Terence.

Vanquished Creatures
  Natasha (twice) (D:2)
  2 dart slugs (D:2)
  2 endoplasms
  A giant cockroach (D:2)
  2 goblins (D:2)
  4 hobgoblins
  3 ball pythons
  4 bats
  3 frilled lizards
  2 rats (D:2)
25 creatures vanquished.

Notes
Turn   | Place    | Note
-------+----------+-------------------------------------------
     0 | D:1      | Arum the Formicid Fighter began the quest for the Orb.
     0 | D:1      | Reached XP level 1. HP: 18/18 MP: 1/1
   169 | D:1      | Reached XP level 2. HP: 23/24 MP: 2/2
  1083 | D:2      | Noticed Natasha
  1084 | D:2      | Noticed a crimson imp
  1099 | D:2      | Killed Natasha
  1100 | D:2      | Reached XP level 3. HP: 9/30 MP: 3/3
  1354 | D:2      | Reached XP level 4. HP: 37/37 MP: 4/4
  1408 | D:2      | Found Uhuu's Armour Shoppe.
  1575 | D:2      | Noticed Natasha
  1580 | D:2      | Killed Natasha
  1584 | D:2      | Noticed Terence
  1594 | D:2      | Succumbed to Terence's poison

Illustrated notes

Levels and vault maps discovered:
D:1:      psy_arrival_conway, layout_basic
D:2:      layout_loops_cross, serial_shops, shop, uniq_terence, uniq_natasha

Skill      XL: |  1  2  3  4 |
---------------+-------------+-----
Shields        | 4 |  4.5
Fighting       | 4 |  4.1
Staves         | 3 |  3.0
Armour         | |  3.2

Action                   |  1- 3 |  4- 6 || total
-------------------------+-------+-------++-------
Melee: Quarterstaff      |    65 |    13 ||    78
 Abil: Dig               |     1 |       ||     1
  Use: Potion            |     1 |     2 ||     3
Armor: Scale mail        |    21 |     5 ||    26
Dodge: Dodged            |    23 |     5 ||    28
Block: Kite shield       |    35 |     4 ||    39
